 Dungeon Crawl Stone Soup version 0.26.0-16-gc1dbca0489 (webtiles) character file.

Game seed: 2272366489459750445

53056 shakesphere1979 the Fighter (level 14, -3/131 (135) HPs)
             Began as a Merfolk Wanderer on Jan 19, 2021.
             Was the Champion of Okawaru.
             Killed by drain life
             ... invoked by a soul eater
             ... summoned by an orc high priest
              (4 damage)
             ... on level 2 of the Orcish Mines.
             The game lasted 01:32:56 (23812 turns).

shakesphere1979 the Fighter (Merfolk Wanderer)     Turns: 23812, Time: 01:32:58

HP:   -3/131 (135)  AC:  4    Str: 21    XL:     14   Next: 66%
MP:   20/21         EV: 14    Int: 13    God:    Okawaru [******]
Gold: 1984          SH:  0    Dex:  8    Spells: 13/13 levels left

rFire    + . .     SeeInvis .   a - +6 spear (freeze)
rCold    . . .     Faith    .   (no shield)
rNeg     . . .     Spirit   .   g - +0 chain mail of Peek-a-Boo {Will+ Str+4}
rPois    +         Reflect  .   f - +0 helmet
rElec    .         Harm     .   r - +0 cloak of the Forest {rPois rF+ Dex-4 Slay+3}
rCorr    .         Rampage  .   S - +0 pair of gloves
Will     +++..                  T - +2 pair of boots
Stlth    ++........             N - amulet of Vitality {Regen+ HP+15}
HPRegen  0.71/turn              y - ring of willpower
MPRegen  0.17/turn              O - +4 ring of protection

@: heroism, corroded, lightly drained
A: change form in water, swift swim, stealthy swim
a: Renounce Religion, Heroism, Finesse


You were on level 2 of the Orcish Mines.
You worshipped Okawaru.
Okawaru was exalted by your worship.
You visited 3 branches of the dungeon, and saw 21 of its levels.
You also visited: Ossuary.

You collected 2209 gold pieces.
You spent 225 gold pieces at shops.

Inventory:

Hand Weapons
 a - a +6 spear of freezing (weapon)
 m - a +2 spear of flaming
 n - a +3 trident of venom
 X - the +2 bardiche of Peenyem {holy, rPois Stlth+}
   (Okawaru gifted it to you on level 4 of the Lair of Beasts)

   It has been blessed by the Shining One to cause great damage to the undead
   and demons.
   It protects you from poison.
   It makes you more stealthy.
Missiles
 b - 2 throwing nets
 h - 5 javelins
 P - 3 atropa-tipped darts (quivered)
 Y - a curare-tipped dart
Armour
 f - a +0 helmet (worn)
 g - the +0 chain mail of Peek-a-Boo (worn) {Will+ Str+4}
   (Okawaru gifted it to you on level 6 of the Lair of Beasts)

   It affects your strength (+4).
   It affects your willpower, your defense against some magical effects.
 r - the +0 cloak of the Forest (worn) {rPois rF+ Dex-4 Slay+3}
   (You found it on level 4 of the Lair of Beasts)

   It affects your dexterity (-4).
   It affects your accuracy and damage with ranged weapons and melee attacks
   (+3).
   It protects you from fire.
   It protects you from poison.
 v - a +1 leather armour of willpower
 E - the +0 ring mail of Rypto {Harm +Inv Str-3 Slay+5}
   (You bought it in a shop on level 6 of the Dungeon)

   It affects your strength (-3).
   It affects your accuracy and damage with ranged weapons and melee attacks
   (+5).
   It lets you turn invisible.
   It increases damage dealt and taken.
 S - a +0 pair of gloves (worn)
 T - a +2 pair of boots (worn)
Jewellery
 j - an uncursed ring of protection from fire
 x - an uncursed ring of resist corrosion
 y - a ring of willpower (left hand)
 G - an uncursed ring of willpower
 N - the amulet of Vitality (around neck) {Regen+ HP+15}
   (You found it on level 8 of the Dungeon)

   [amulet of regeneration]

   It affects your health (+15).
   It increases your rate of regeneration.
 O - a +4 ring of protection (right hand)
Wands
 q - a wand of disintegration (15)
 u - a wand of random effects (19)
 B - a wand of paralysis (4)
 F - a wand of polymorph (16)
 H - a wand of flame (29)
 J - a wand of digging (6)
Scrolls
 c - 4 scrolls of teleportation
 e - 3 scrolls of enchant armour
 i - 3 scrolls of enchant weapon
 l - 2 scrolls of identify
 Q - 4 scrolls of fear
 V - a scroll of vulnerability
 W - a scroll of remove curse
Potions
 d - a potion of might {unknown}
 k - 8 potions of curing
 o - 2 potions of haste
 p - 4 potions of attraction
 s - a potion of resistance
 t - 6 potions of mutation
 z - 2 potions of heal wounds
 I - 3 potions of flight
 K - a potion of experience {unknown}
 M - 3 potions of ambrosia
 R - a potion of berserk rage {unknown}
Miscellaneous
 D - a tin of tremorstones (2/2)
 U - a condenser vane


   Skills:
 - Level 14.0(19.0) Fighting
 + Level 12.7(17.7) Polearms
 + Level 5.3(10.3) Throwing
 - Level 7.0(12.0) Armour
 - Level 11.0(16.0) Dodging
 - Level 10.0(15.0) Stealth
 - Level 1.0(6.0) Shields
 + Level 10.0 Invocations
 + Level 9.7 Evocations


You had 13 spell levels left.
You didn't know any spells.
Your spell library contained the following spells:

 Spells                   Type           Power        Failure   Level
 Corona                   Hex            0%           88%         1
 Sandblast                Erth           0%           88%         1
 Passwall                 Tmut/Erth      0%           95%         2
 Slow                     Hex            0%           95%         2
 Swiftness                Air            0%           95%         2
 Inner Flame              Hex/Fire       0%           99%         3
 Portal Projectile        Hex/Tloc       0%           99%         3
 Stone Arrow              Conj/Erth      0%           99%         3
 Cause Fear               Hex            0%           100%        4
 Leda's Liquefaction      Hex/Erth       0%           100%        4
 Passage of Golubria      Tloc           N/A          100%        4
 Petrify                  Tmut/Erth      0%           100%        4
 Lee's Rapid Deconstruct  Erth           0%           100%        5
 Invisibility             Hex            0%           100%        6


Dungeon Overview and Level Annotations

Branches:
Dungeon (13/15)            Temple (0/1) D:7            Lair (6/6) D:10
 Shoals (0/4) Lair:3        Snake (0/4) Lair:4        Slime (0/5) Lair:6
    Orc (2/2) D:9             Elf (0/3) Orc:2       Ossuary (visited)
 Vaults: D:13-14

Altars:
Cheibriados
Gozag
Hepliaklqana
Okawaru
Ru
Trog
Uskayaw
The Shining One
Beogh

Shops:
D:6 *   Orc:2 [(

Annotations:
D:6 1 runed translucent door, Crazy Yiuf
Lair:4 exclusion: oklob plant


Message History

The orc high priest hits you but does no damage.
You hit the orc high priest but do no damage.
The orc high priest is almost dead.
The rust devil hits you!
* * * LOW HITPOINT WARNING * * *
The rust devil corrodes you!
The red devil hits you from afar with a +0 trident!
* * * LOW HITPOINT WARNING * * *
You hit the orc high priest but do no damage.
The orc high priest is almost dead.
You hit the orc high priest but do no damage.
The orc high priest is almost dead.
The orc high priest closely misses you. The rust devil closely misses you.
The orc high priest shouts!
You hit the orc high priest but do no damage.
The orc high priest is almost dead.
The red devil hits you from afar with a +0 trident!
* * * LOW HITPOINT WARNING * * *
The soul eater draws from the surrounding life force!
You die...

.#.................. .......
##...............#......<........
##..#............#..#............
....##...............#P..........
.#.###...........#......P........
####.......#.#..........8........
#.#........).......o.P.o.........
...#.........##.##33.P.P.........
................@444....∩........
#..#..........#.#o4............#
................##............##
#).##............###.........##
#....<.##.....#.## #.........#
.#......###...### ###....P###
....#...# ##.## ####### .....#.##
### .#....##


You could see a soul eater (summoned), 3 orc high priests, an ice devil
(summoned), a rust devil (summoned), a ynoxinul (summoned) and 2 red devils.

Vanquished Creatures
  An orc warlord (Orc:2)
  Snorg (Lair:5)
  A boulder beetle (D:12)
  8 hydras
  3 two-headed ogres
  4 catoblepae (Lair:6)
  Erica (D:11)
  7 death yaks
  Sonja (Lair:4)
  Nergalle (D:10)
  2 unseen horrors (D:12)
  A swamp dragon (Lair:6)
  A deep elf mage (D:11)
  An orc knight (Orc:2)
  2 orc sorcerers (Orc:2)
  9 elephants (Lair:3)
  4 manticores
  A merfolk siren (Lair:3)
  A black mamba (Lair:1)
  Psyche (D:9)
  5 cane toads
  A rime drake (Lair:6)
  9 komodo dragons
  3 polar bears
  6 trolls
  Prince Ribbit (D:6)
  A hornet (D:13)
  2 dream sheep (Lair:6)
  6 wyverns
  44 yaks
  A fire elemental (Orc:1)
  3 basilisks
  2 steam dragons
  Menkaure (D:6)
  A warg (Orc:1)
  10 water moccasins
  21 orc warriors
  6 ice beasts
  4 black bears
  A hornet zombie (D:12)
  2 sky beasts
  A phantom (D:7)
  6 wolves
  A necrophage (D:10)
  7 centaurs
  8 ogres
  A big kobold (D:8)
  9 bullfrogs
  An elf zombie (Ossuary)
  A water moccasin zombie (D:7)
  A wyvern zombie (D:12)
  10 scorpions
  21 wights
  5 killer bees (D:12)
  An electric eel (D:11)
  4 howler monkeys
  3 centaur zombies
  2 quasits
  A human zombie (Ossuary)
  8 jellies
  A bullfrog skeleton (D:12)
  4 hounds
  10 orc priests
  11 orc wizards
  A gnoll shaman (D:8)
  2 iguanas
  4 hell rats (Lair:5)
  8 worker ants
  2 big kobold zombies (Ossuary)
  A hound zombie (Ossuary)
  A hound skeleton (D:8)
  3 mummies (Ossuary)
  7 adders
  5 gnolls
  2 shadow imps
  2 ufetubi
  4 oozes
  An adder skeleton (D:8)
  7 adder zombies
  5 worms
  3 dart slugs
  4 leopard geckos
  38 orcs
  3 ball pythons
  10 giant cockroaches
  A gnoll zombie (Ossuary)
  11 goblins
  5 hobgoblins
  8 jackals
  9 kobolds
  4 quokkas
  4 bats
  7 frilled lizards
  6 goblin zombies (Ossuary)
  A hobgoblin zombie (Ossuary)
  A jackal skeleton (D:4)
  2 jackal zombies (Ossuary)
  6 kobold zombies (Ossuary)
  A leopard gecko zombie (D:4)
  2 orc zombies (Ossuary)
  3 quokka zombies
  11 rats
  4 rat zombies (Ossuary)
  A fire vortex (Orc:1)
498 creatures vanquished.

Vanquished Creatures (others)
  3 dream sheep (Lair:6)
  A wolf (Lair:6)
  37 fungi
  36 plants
77 creatures vanquished.

Grand Total: 575 creatures vanquished

Notes
Turn   | Place    | Note
-------+----------+-------------------------------------------
     0 | D:1      | shakesphere1979 the Merfolk Wanderer began the quest for
                  | the Orb.
     0 | D:1      | shakesphere1979 set off with the following items: a +2
                  | spear, a +0 mace, a scroll of teleportation, a +0 robe
     0 | D:1      | Reached XP level 1. HP: 20/20 MP: 1/1
   392 | D:1      | Reached skill level 1 in Polearms
   392 | D:1      | Reached XP level 2. HP: 25/26 MP: 2/2
   459 | D:1      | Reached skill level 1 in Dodging
   742 | D:1      | Reached XP level 3. HP: 31/31 MP: 3/3
   792 | D:2      | Noticed an ice beast
  2237 | D:3      | Reached XP level 4. HP: 31/38 MP: 4/4
  2813 | D:3      | Reached skill level 5 in Fighting
  3116 | D:4      | Noticed an ogre
  3130 | D:4      | Killed an ogre
  3131 | D:4      | Reached XP level 5. HP: 4/44 MP: 5/5
  3134 | D:4      | HP: 1/44 [quokka (3)]
  3693 | D:4      | Noticed a centaur
  3808 | D:5      | Entered Level 5 of the Dungeon
  4021 | D:4      | Killed a centaur
  4022 | D:4      | Reached XP level 6. HP: 20/51 MP: 6/6
  4349 | D:5      | Found a sand-covered staircase.
  4354 | Ossuary  | Entered an ossuary
  4833 | Ossuary  | Reached skill level 6 in Fighting
  4833 | Ossuary  | Reached XP level 7. HP: 51/58 MP: 7/7
  4990 | Ossuary  | Reached skill level 5 in Dodging
  5261 | D:4      | Reached skill level 7 in Fighting
  5401 | D:4      | Reached skill level 1 in Stealth
  6099 | D:5      | Reached XP level 8. HP: 61/67 MP: 8/8
  6239 | D:5      | Reached skill level 5 in Polearms
  6448 | D:5      | Found a hazy altar of Hepliaklqana.
  6634 | D:6      | Noticed Prince Ribbit
  7061 | D:6      | Found Toasuth's Assorted Antiques.
  7076 | D:6      | Killed Prince Ribbit
  7077 | D:6      | Reached skill level 8 in Fighting
  7078 | D:6      | Bought a faintly glowing ring mail for 225 gold pieces
  7089 | D:6      | Identified the cursed +0 ring mail of Rypto {Harm +Inv
                  | Str-3 Slay+5} (You bought it in a shop on level 6 of the
                  | Dungeon)
  7134 | D:6      | Reached XP level 9. HP: 48/72 MP: 9/9
  7179 | D:6      | Noticed a moth of wrath
  7183 | D:6      | Found a bloodstained altar of Trog.
  7338 | D:6      | Noticed Menkaure
  7345 | D:6      | Killed Menkaure
  7413 | D:6      | Found a runed translucent door.
  7414 | D:6      | Noticed Crazy Yiuf
  7676 | D:7      | Found an iron altar of Okawaru.
  7698 | D:7      | Became a worshipper of Warmaster Okawaru
  7780 | D:7      | Found a sacrificial altar of Ru.
  7807 | D:7      | Found a staircase to the Ecumenical Temple.
  7884 | D:7      | Reached skill level 9 in Fighting
  8216 | D:7      | Reached * piety under Okawaru
  8238 | D:7      | Reached skill level 1 in Invocations
  8506 | D:7      | You fall into a shaft and drop 1 floor!
  8765 | D:8      | Reached skill level 5 in Stealth
  8912 | D:8      | Reached skill level 10 in Polearms
  8913 | D:8      | Reached ** piety under Okawaru
  9242 | D:8      | Found the amulet of Vitality {Regen+ HP+15}
  9250 | D:8      | Reached XP level 10. HP: 83/83 MP: 12/12
 10021 | D:9      | Found an iron altar of Okawaru.
 10250 | D:9      | Found a snail-covered altar of Cheibriados.
 10307 | D:9      | Reached skill level 5 in Invocations
 10494 | D:9      | Noticed Psyche
 10501 | D:9      | Killed Psyche
 10550 | D:9      | Found a hide-covered altar of Uskayaw.
 10553 | D:9      | Found a glowing golden altar of the Shining One.
 10600 | D:9      | Found a staircase to the Orcish Mines.
 10677 | D:10     | Entered Level 10 of the Dungeon
 10680 | D:10     | Noticed Nergalle
 10694 | D:10     | Killed Nergalle
 10694 | D:10     | Reached *** piety under Okawaru
 10728 | D:10     | Found an opulent altar of Gozag.
 10971 | D:10     | Reached **** piety under Okawaru
 11097 | D:10     | Reached XP level 11. HP: 90/90 MP: 16/16
 11379 | D:10     | Found a staircase to the Lair.
 11528 | D:11     | Noticed a manticore
 11537 | D:11     | Killed a manticore
 11742 | D:11     | You fall into a shaft and drop 2 floors!
 11743 | D:13     | Noticed a two-headed ogre
 11743 | D:13     | Noticed a wizard
 11767 | D:13     | Killed a two-headed ogre
 11767 | D:13     | Reached ***** piety under Okawaru
 11768 | D:13     | Reached skill level 10 in Fighting
 12116 | D:12     | Killed an unseen horror
 12163 | D:12     | Noticed a boulder beetle
 12163 | D:12     | Noticed a two-headed ogre
 12184 | D:12     | Killed a two-headed ogre
 12185 | D:12     | Reached skill level 11 in Fighting
 12206 | D:12     | Killed a boulder beetle
 12497 | D:11     | Noticed a deep elf mage
 12600 | D:11     | Killed a deep elf mage
 12601 | D:11     | Reached skill level 12 in Fighting
 12714 | D:11     | Noticed Erica
 12729 | D:11     | Killed Erica
 13097 | Lair:1   | Entered Level 1 of the Lair of Beasts
 13283 | Lair:1   | Reached ****** piety under Okawaru
 13561 | Lair:1   | Reached XP level 12. HP: 102/102 MP: 18/18
 14159 | Lair:2   | Noticed a five-headed hydra
 14505 | Lair:2   | Noticed an eight-headed hydra
 14589 | Lair:1   | Killed a five-headed hydra
 14589 | Lair:1   | Received a gift from Okawaru
 14592 | Lair:1   | Got an encrusted kite shield {god gift}
 15114 | Lair:3   | Noticed an eight-headed hydra
 15297 | Lair:3   | Reached skill level 5 in Armour
 15564 | Lair:3   | Killed an eight-headed hydra
 15673 | Lair:3   | Found a dark tunnel.
 15729 | Lair:3   | Found a staircase to the Shoals.
 15838 | Lair:3   | Reached skill level 5 in Evocations
 15905 | Lair:3   | Reached skill level 10 in Dodging
 16327 | Lair:3   | Reached skill level 13 in Fighting
 16619 | Lair:4   | Found a staircase to the Snake Pit.
 16665 | Lair:4   | Noticed a seven-headed hydra
 16672 | Lair:4   | Killed a seven-headed hydra
 16672 | Lair:4   | Received a gift from Okawaru
 16673 | Lair:4   | Reached XP level 13. HP: 111/111 MP: 19/19
 16675 | Lair:4   | Got a transparent bardiche {god gift}
 16679 | Lair:4   | Identified the +2 bardiche of Peenyem {holy, rPois Stlth+}
                  | (Okawaru gifted it to you on level 4 of the Lair of Beasts)
 16769 | Lair:4   | Got a scorched cloak
 16775 | Lair:4   | Identified the +0 cloak of the Forest {rPois rF+ Dex-4
                  | Slay+3} (You found it on level 4 of the Lair of Beasts)
 16957 | Lair:4   | Noticed Sonja
 16969 | Lair:4   | Killed Sonja
 17771 | Lair:5   | Noticed Snorg
 17783 | Lair:5   | Killed Snorg
 18271 | Lair:6   | Entered Level 6 of the Lair of Beasts
 18422 | Lair:6   | Found a staircase to the Slime Pits.
 18938 | Lair:6   | Reached skill level 14 in Fighting
 18989 | Lair:6   | Received a gift from Okawaru
 19006 | Lair:6   | Got an ichor-stained chain mail {god gift}
 19018 | Lair:6   | Identified the +0 chain mail of Peek-a-Boo {Will+ Str+4}
                  | (Okawaru gifted it to you on level 6 of the Lair of Beasts)
 19097 | Lair:6   | Reached skill level 1 in Throwing
 20042 | Lair:6   | Reached XP level 14. HP: 120/120 MP: 20/20
 20491 | Lair:6   | Received a gift from Okawaru
 20790 | Lair:6   | Got a pair of buzzing gloves
 20804 | Lair:6   | Identified the cursed -6 pair of gloves of Weightlessness
                  | {+Blink rCorr Str+2 Int+3} (You found it on level 6 of the
                  | Lair of Beasts)
 21988 | Orc:1    | Entered Level 1 of the Orcish Mines
 22038 | Orc:1    | Found a roughly hewn altar of Beogh.
 22118 | Orc:1    | You fall into a shaft and drop 1 floor!
 22118 | Orc:2    | Entered Level 2 of the Orcish Mines
 22119 | Orc:2    | Found a staircase to the Elven Halls.
 22150 | Orc:2    | Received a gift from Okawaru
 22219 | Orc:2    | Reached skill level 10 in Stealth
 22266 | Orc:2    | Found Daor's Antique Armour Shop.
 22396 | Orc:2    | Noticed an orc warlord
 22569 | Orc:1    | Reached skill level 5 in Throwing
 22833 | Orc:1    | Found a bloodstained altar of Trog.
 23535 | Orc:2    | Killed an orc warlord
 23572 | Orc:2    | Reached skill level 10 in Invocations
 23773 | Orc:2    | Found Miechiat's Antique Weapon Shop.
 23812 | Orc:2    | HP: 1/131 [red devil/+0 trident[an orc high priest] (14)]
 23812 | Orc:2    | Killed from afar by a soul eater

Illustrated notes

Levels and vault maps discovered:
D:1:      dpeg_arrival_boxes_within_box, layout_basic
D:2:      layout_basic, amethyst_killhole
D:3:      layout_basic
D:4:      layout_cave_pools
D:5:      layout_loops_ring, nzn_hepliaklqana_mist_gate, enter_ossuary_5,
          kennysheep_opposing_triangles
D:6:      layout_gridville, tgw_trog, serial_shops, shop, portal_sewer_entry_e,
          grunt_tough_drop, uniq_crazy_yiuf_cottage, uniq_menkaure,
          uniq_prince_ribbit1
D:7:      layout_rooms, lemuel_doored_altar, minmay_temple_entry_fiery,
          basic_altar
D:8:      layout_basic
D:9:      layout_basic, lemuel_crystal_altar, nicolae_overflow_hidden_temple,
          orc_0_dummy, basic_altar, uniq_psyche
D:10:     layout_small_grid, grunt_lair_entry_orc_guard_hut,
          nicolae_gozag_cash_rules_everything_around_me, uniq_nergalle
D:11:     layout_basic, uniq_erica
D:12:     layout_loops_ring, enter_bailey_7, minmay_misc_feat_enclosed
D:13:     layout_loops_ring, david_vaults_1, uniq_maurice, uniq_erolcha
Lair:1:   layout_layer_cave
Lair:2:   layout_small_grid, uniq_gastronok
Lair:3:   layout_regular_city, minmay_shoals_entry_lonely_mermaid,
          nicolae_volcano_entry_s_turn, st_stairs_3
Lair:4:   layout_roguey, dummy_snake_entry, minmay_lair_oklob_chamber,
          uniq_sonja
Lair:5:   layout_gridlike, lemuel_fruit_fields, grunt_megastairs_3, uniq_snorg
Lair:6:   evilmike_catoblepas_cave, layout_regular_city,
          nicolae_slime_entry_slimehenge, nicolae_quartered_pool_medium,
          hibernation_bobbens
Orc:1:    layout_caves, basic_altar, nicolae_orc_lava_tube,
          nicolae_orc_damp_corner, trog_butcher_becter
Orc:2:    grunt_orc_gardens, layout_caves, grunt_orc_garden, grunt_orc_garden,
          grunt_orc_garden, grunt_orc_garden

Skill      XL: |  1  2  3  4  5  6  7  8  9 10 11 12 13 14 |
---------------+-------------------------------------------+-----
Armour         | 3 4 5 7 |  7.0
Polearms       | 1 2 3 4 7 10 12 | 12.7
Dodging        | 1 2 3 4 5 7 8 10 11 | 11.0
Fighting       | 5 6 7 8 9 12 13 14 | 14.0
Stealth        | 2 4 5 7 8 10 | 10.0
Invocations    | 3 7 8 10 | 10.0
Evocations     | 2 6 8 9 |  9.7
Throwing       | 3 5 |  5.3
Shields        | |  1.0

Action                   |  1- 3 |  4- 6 |  7- 9 | 10-12 | 13-15 || total
-------------------------+-------+-------+-------+-------+-------++-------
Melee: Spear             |   118 |   199 |   342 |   498 |   839 ||  1996
       Punch             |       |       |       |     1 |     2 ||     3
 Fire: Shortbow          |       |       |     2 |       |       ||     2
Throw: Dart              |       |       |       |     3 |    28 ||    31
Invok: Heroism           |       |       |       |     3 |     3 ||     6
       Finesse           |       |       |       |     3 |     2 ||     5
Evoke: Wand              |       |       |       |    13 |    33 ||    46
  Use: Scroll            |     2 |     6 |     4 |    13 |    15 ||    40
 Stab: Sleeping          |     1 |       |     3 |    17 |     2 ||    23
       Distracted        |       |     1 |     2 |     3 |       ||     6
       Paralysed         |       |       |       |     3 |     9 ||    12
Armor: Robe              |    17 |    17 |    11 |       |       ||    45
       Leather armour    |       |       |    24 |       |       ||    24
       Ring mail         |       |       |    24 |    73 |    40 ||   137
       Chain mail        |       |       |       |       |   160 ||   160
Dodge: Dodged            |    55 |    79 |   182 |   129 |   215 ||   660
